 Dungeon Crawl Stone Soup version 0.19.3-4-gbf9329e (webtiles) character file.

231 TuxedoFelix the Skirmisher (level 5, -2/48 HPs)
             Began as a Minotaur Monk on Jan 28, 2017.
             Slain by Duvessa
             ... wielding a +0 rapier
              (15 damage)
             ... on level 4 of the Dungeon.
             The game lasted 00:21:17 (2965 turns).

TuxedoFelix the Skirmisher (Minotaur Monk)          Turns: 2965, Time: 00:21:17

Health: -2/48      AC:  2    Str: 16    XL:     5   Next: 73%
Magic:  4/4        EV: 12    Int:  9    God:
Gold:   84         SH:  0    Dex: 13    Spells: 0 memorised, 4 levels left

rFire  . . .     SeeInvis .     t - +2 short sword (holy)
rCold  . . .     Gourm    .     k - +0 ring mail
rNeg   . . .     Faith    .     (no shield)
rPois  .         Spirit   .     (helmet restricted)
rElec  .         Reflect  .     (no cloak)
rCorr  .         Harm     .     (no gloves)
MR     .....     Rnd*Tele +     (no boots)
Stlth  +.........               (no amulet)
                                (no ring)
                                (no ring)

@: glowing
A: retaliatory headbutt, horns 2, clever 1, deformed body, teleportitis 1
a: no special abilities


You were on level 4 of the Dungeon.
You were not hungry.

You visited 1 branch of the dungeon, and saw 4 of its levels.

You collected 84 gold pieces.

Inventory:

Hand Weapons
 g - a +0 falchion
 t - a +2 short sword of holy wrath (weapon)
Missiles
 h - 3 tomahawks (quivered)
Armour
 k - a +0 ring mail (worn)
Wands
 o - a wand of iceblast (11/15)
Scrolls
 a - 3 scrolls of magic mapping
 l - a scroll of teleportation {unknown}
 m - a scroll of amnesia {unknown}
 n - a scroll of fog {unknown}
 p - a scroll of enchant armour {unknown}
 q - a scroll of enchant weapon {unknown}
 v - a scroll of identify
Potions
 d - 2 potions of lignification
 e - 2 potions of agility
 i - a potion of cancellation
 j - a potion of mutation
 u - a potion of flight {unknown}
Comestibles
 b - 6 chunks of flesh
 c - 3 bread rations


   Skills:
 * Level 5.0 Fighting
 * Level 4.1(4.3) Short Blades
 - Level 2.2(3.6) Long Blades
 + Level 1.6 Armour
 + Level 4.1 Dodging
 * Level 2.7 Stealth


You had 4 spell levels left.
You didn't know any spells.

Dungeon Overview and Level Annotations

Branches:
Dungeon (4/15)
 Temple: D:4-7

Altars:
Okawaru

Annotations:
D:4 Duvessa


Innate Abilities, Weirdness & Mutations

You reflexively headbutt those who attack you in melee.
You have a pair of horns on your head.
Your mind is acute. (Int +2)
Armour fits poorly on your strangely shaped body.
You are occasionally teleported next to monsters.


Message History

Duvessa goes berserk!
It was a potion of heal wounds.
You feel much better.
You feel sick. Duvessa barely misses you. Duvessa hits you with a rapier.
You closely miss Duvessa. Duvessa misses you.
You hit Duvessa.
Duvessa is lightly wounded.
You feel sick. Duvessa hits you with a rapier.
You hit Duvessa.
Duvessa is lightly wounded.
Duvessa barely misses you.
You hit Duvessa.
Duvessa is lightly wounded.
Duvessa misses you. You furiously retaliate!
You headbutt Duvessa. Duvessa misses you.
You hit Duvessa.
Duvessa is moderately wounded.
You feel sick. Duvessa hits you with a rapier!!
* * * LOW HITPOINT WARNING * * *
You feel better. Duvessa hits you with a rapier!
You die...

.#.#.#.♣≈≈P≈≈≈.
#.#.#.#♣≈≈≈≈P...
.#.#.#.♣≈≈P≈≈...
#.#.#.#.≈♣≈≈P≈≈.≈≈≈
^#.#.#.#.##♣≈...≈P♣
#.#.#.#.#.#
♣≈..≈♣♣#
.#.#.#.#.##
#...≈≈.#
#.#.#.#.#.#
#..e♣≈.#
.#.#.#.#.####...@#
#)#.#.#.#(##..#..#
.#.#.#.#.#.%.....#
#.#.#.#.#[########
.#.#.#.#.#.
#.#.#.#.#.
.#.#.#.#. #.#$#.#.#
.#.#.#.#.


You could see Duvessa (berserk).

Vanquished Creatures
  Dowan (D:4)
  An orc priest (D:3)
  A worker ant (D:4)
  4 adders
  3 worms (D:2)
  A dart slug (D:2)
  3 leopard geckos
  10 orcs
  2 ball pythons
  11 bats
  6 giant cockroaches
  8 hobgoblins
  A jackal (D:3)
  2 kobolds
  A quokka (D:3)
  2 frilled lizards (D:1)
  7 goblins
  4 rats
68 creatures vanquished.

Notes
Turn   | Place    | Note
-------+----------+-------------------------------------------
     0 | D:1      | TuxedoFelix the Minotaur Monk began the quest for the Orb.
     0 | D:1      | Reached XP level 1. HP: 19/19 MP: 0/0
   329 | D:1      | Reached XP level 2. HP: 21/27 MP: 1/1
   726 | D:2      | Found an iron altar of Okawaru.
   739 | D:2      | Reached skill level 4 in Fighting
   808 | D:2      | Reached XP level 3. HP: 29/33 MP: 2/2
  1268 | D:2      | Reached skill level 1 in Long Blades
  1871 | D:3      | Reached XP level 4. HP: 36/41 MP: 3/3
  2280 | D:3      | Reached skill level 1 in Armour
  2737 | D:3      | Reached XP level 5. HP: 45/47 MP: 4/4
  2927 | D:4      | Noticed Dowan
  2938 | D:4      | Gained mutation: Your mind is acute. (Int +2) [potion of mutation]
  2938 | D:4      | Gained mutation: Armour fits poorly on your strangely shaped body. [potion of mutation]
  2938 | D:4      | Gained mutation: You are occasionally teleported next to monsters. [potion of mutation]
  2941 | D:4      | Killed Dowan
  2941 | D:4      | Reached skill level 5 in Fighting
  2958 | D:4      | Noticed Duvessa
  2965 | D:4      | Slain by Duvessa

Skill      XL: |  1  2  3  4  5 |
---------------+----------------+-----
Fighting       | 4 5 |  5.0
Long Blades    | 1 2 |  2.2
Stealth        | 2 |  2.7
Armour         | 1 |  1.6
Dodging        | 4 |  4.1
Short Blades   | 4 |  4.1

Action                   |  1- 3 |  4- 6 || total
-------------------------+-------+-------++-------
Melee: Short sword       |    39 |    69 ||   108
       Headbutt          |    17 |    11 ||    28
       Falchion          |    58 |    22 ||    80
  Use: Scroll            |     6 |     3 ||     9
       Potion            |       |     4 ||     4
 Stab: Sleeping          |     2 |       ||     2
  Eat: Meat ration       |     1 |       ||     1
       Chunk             |       |     2 ||     2
Armor: Robe              |     2 |       ||     2
       Ring mail         |    30 |    21 ||    51
Dodge: Dodged            |    72 |    56 ||   128
       Rpst.: Falchion   |     8 |     9 ||    17
